 Dungeon Crawl Stone Soup version 0.30-a0-168-g0b976cbdc4 (webtiles) character file.

Game seed: 4648427573788678489

1 LnG the Caller (level 1, 0/8 (10) HPs)
             Began as a Kobold Summoner on Sept 29, 2022.
             Slain by a goblin
             ... wielding a +1 dagger of draining
              (3 damage)
             ... on level 1 of the Dungeon.
             The game lasted 00:00:12 (30 turns).

LnG the Caller (Kobold Summoner)                      Turns: 30, Time: 00:00:13

HP:   0/8 (10)      AC:  2    Str:  5    XL:     1   Next: 22%
MP:   0/3           EV: 15    Int: 16    God:
Gold: 0             SH:  0    Dex: 15    Spells: 3/4 levels left

rFire   . . .      SeeInvis .    (weapon restricted)
rCold   . . .      Faith    .    (no shield)
rNeg    . . .      Spirit   .    a - +0 robe
rPois   .          Reflect  .    (no helmet)
rElec   .          Harm     .    (no cloak)
rCorr   .          Rampage  .    (no gloves)
Will    .....                    (no boots)
Stlth   +++.......               (no amulet)
HPRegen 0.02/turn                (no ring)
MPRegen 0.08/turn                (no ring)

@: heavily drained
A: small, no large weapons, nightstalker 3
a: no special abilities


You were on level 1 of the Dungeon.
You visited 1 branch of the dungeon, and saw 1 of its levels.

Inventory:

Armour
 a - a +0 robe (worn)
Potions
 b - a potion of magic
 d - a potion of berserk rage


   Skills:
 + Level 2.4 Dodging
 + Level 2.7 Stealth
 + Level 2.2 Spellcasting
 + Level 4.0 Summonings


You had 3 spell levels left.
You knew the following spells:

 Your Spells              Type           Power      Damage    Failure   Level
a - Summon Small Mammal   Summ           56%        N/A       3%          1

Your spell library contained the following spells:

 Spells                   Type           Power      Damage    Failure   Level
 Call Imp                 Summ           14%        N/A       6%          2
 Call Canine Familiar     Summ           14%        N/A       12%         3
 Summon Guardian Golem    Hex/Summ       8%         N/A       26%         3
 Summon Lightning Spire   Summ/Air       8%         N/A       65%         4


Dungeon Overview and Level Annotations

Branches:
Dungeon (1/15)

Altars:


Innate Abilities, Weirdness & Mutations

You are small and have problems with some larger weapons.
You are completely attuned to the shadows.


Message History

Confirm with . or Enter, or press ? or * to list all spells.
Your rat bites the kobold.
The kobold shouts!
The kobold hits your rat with a +0 club.
Your rat dies!
Your rat's corpse disappears in a puff of smoke!
You hear a bark!
You hear a bark!
You hear a shout!
A jackal comes into view.
The kobold hits your rat with a +0 club.
A goblin comes into view. It is wielding a +1 dagger of draining.
Your rat bites the kobold.
The kobold dies!
The jackal bites your rat. The jackal barely misses your rat.
The goblin hits you but does no damage.
You feel drained.
Your rat bites the jackal but does no damage.
Casting: Summon Small Mammal (safe; 3% risk of failure)
Confirm with . or Enter, or press ? or * to list all spells.
The jackal bites your rat but does no damage.
The goblin barely misses you.
Your rat bites the jackal but does no damage.
You hit the goblin.
The goblin is moderately wounded.
A bat comes into view.
The jackal bites your rat but does no damage.
The jackal bites your rat. The goblin barely misses you.
Your rat closely misses the jackal.
You completely miss the goblin.
The goblin is moderately wounded.
The jackal misses your rat.
The goblin hits you with a +1 dagger of draining.
You feel drained.
Your rat closely misses the jackal.
You are too injured to fight recklessly!
You are too injured to fight recklessly!
You barely miss the goblin.
The goblin is moderately wounded.
The jackal barely misses your rat.
The goblin hits you with a +1 dagger of draining.
You die...

.### #.# ...
.....)h# ♣.♣
#..#r.# ♣⌠♣
#..rg.#
♣♣♣♣.♣♣♣♣♣..@#
..⌠.<.⌠.....##
♣♣♣♣.♣♣♣♣♣..#
♣⌠♣ #..#
#♣♣♣.♣♣♣##..#
............###
...............
##.#....#######
#.##...#


You could see a jackal (ally target), a goblin (ally target) and 2 friendly
rats.

Vanquished Creatures (collateral kills)
  A kobold (D:1)
1 creature vanquished.

Notes
Turn   | Place    | Note
-------+----------+-------------------------------------------
     0 | D:1      | LnG the Kobold Summoner began the quest for the Orb.
     0 | D:1      | Reached XP level 1. HP: 10/10 MP: 3/3
    30 | D:1      | Slain by a goblin

Illustrated notes

Levels and vault maps discovered:
D:1:      scummos_arrival_forest, layout_loops_corners,
          dreamdust_ecumenical_altar_hidden_monk_grotto

Action                   || total
-------------------------++-------
Melee: Unarmed           ||     3
 Cast: Summon Small Mamm ||     3
  Use: Scroll            ||     1
Armor: Robe              ||     1
Dodge: Dodged            ||     2

Table legend: (Time is in decaauts)
 A = Elapsed time spent in this place.
 B = Non-inter-level travel time spent in this place.
 C = Inter-level travel time spent in this place.
 D = Time resting spent in this place.
 E = Time spent auto-exploring this place.
 F = Levels seen in this place.
 G = Mean time per level.
                   A        B        C        D        E       F      G
               +--------+--------+--------+--------+--------+-----+--------+
         Total |     30 |     30 |      0 |      0 |     14 |   1 |   30.0 |
       Dungeon |     30 |     30 |      0 |      0 |     14 |   1 |   30.0 |
               +--------+--------+--------+--------+--------+-----+--------+

Top non-repeatable levels by time:
     D:1: 30 daAuts
